 Dungeon Crawl Stone Soup version 0.29.1-13-g9f3cf754e1 (webtiles) character file.

Game seed: 7209689493085935384

8 Heoruswealwe the Insei (level 2, -1/21 HPs)
             Began as a Human Transmuter on Jan 31, 2023.
             Slain by a kobold
             ... wielding a +0 club
              (2 damage)
             ... on level 1 of the Dungeon.
             The game lasted 00:06:44 (209 turns).

Heoruswealwe the Insei (Human Transmuter)            Turns: 209, Time: 00:06:45

Health: -1/21      AC:  5    Str: 10    XL:     2   Next: 15%
Magic:  3/5        EV: 10    Int: 13    God:
Gold:   19         SH:  0    Dex: 13    Spells: 4/5 levels left

rFire   . . .      SeeInvis .   f - +0 hand axe
rCold   . . .      Faith    .   (no shield)
rNeg    . . .      Spirit   .   c - +0 ring mail
rPois   .          Reflect  .   (helmet currently unavailable)
rElec   .          Harm     .   (no cloak)
rCorr   .          Rampage  .   (no gloves)
Will    .....                   (boots currently unavailable)
Stlth   +.........              (no amulet)
HPRegen 0.07/turn               (no ring)
MPRegen 0.09/turn               (no ring)

@: appendages
A: horns 2, talons 2
a: End Transformation


You were on level 1 of the Dungeon.
You had temporarily grown beastly horns and talons.
You visited 1 branch of the dungeon, and saw 1 of its levels.

You collected 19 gold pieces.

Inventory:

Hand Weapons
 f - a +0 hand axe (weapon)
 g - a +0 club
 h - a +0 dagger
Missiles
 d - 10 stones
Armour
 a - a +0 robe
 c - a +0 ring mail (worn)
Scrolls
 e - a scroll of identify {unknown}
Potions
 b - a potion of lignification


   Skills:
 + Level 1.0 Fighting
 + Level 2.2 Dodging
 + Level 3.3 Unarmed Combat
 + Level 2.1 Spellcasting
 + Level 2.0 Transmutations


You had 4 spell levels left.
You knew the following spells:

 Your Spells              Type           Power      Damage    Failure   Level
a - Beastly Appendage     Tmut           12%        N/A       28%         1

Your spell library contained the following spells:

 Spells                   Type           Power      Damage    Failure   Level
 Wereblood                Tmut           6%         N/A       41%         2
 Spider Form              Tmut/Pois      3%         N/A       78%         3
 Ice Form                 Ice/Tmut       3%         N/A       99%         4


Dungeon Overview and Level Annotations

Branches:
Dungeon (1/15)

Altars:


Innate Abilities, Weirdness & Mutations

You have temporarily grown beastly horns and talons.


Message History

You see here 11 gold pieces.
The hobgoblin shouts!
Casting: Beastly Appendage (safe; 28% risk of failure)
Confirm with . or Enter, or press ? or * to list all spells.
You grow a pair of large bovine horns.
Your feet morph into talons.
An endoplasm comes into view.
The endoplasm quivers.
You hit the hobgoblin but do no damage. Your kick misses the hobgoblin.
The hobgoblin closely misses you.
A frilled lizard comes into view.
You barely miss the hobgoblin. You barely miss the kobold.
The frilled lizard hisses angrily.
The hobgoblin barely misses you. The kobold hits you but does no damage.
A rat comes into view.
The kobold barely misses you. The hobgoblin barely misses you.
You closely miss the hobgoblin. Your kick misses the hobgoblin.
You hit the kobold but do no damage. You hit the endoplasm.
The endoplasm freezes you.
You are frozen.
* * * LOW HITPOINT WARNING * * *
A frilled lizard comes into view.
The hobgoblin completely misses you. The kobold hits you with a +0 club.
* * * LOW HITPOINT WARNING * * *
Unknown command.
The frilled lizard hisses angrily.
You hit the hobgoblin.
You kill the hobgoblin!
You hit the kobold. You hit the endoplasm.
You kill the endoplasm!
The kobold misses you.
You have reached level 2!
You hit the frilled lizard.
You kill the frilled lizard!
You hit the endoplasm. You closely miss the kobold.
The kobold hits you with a +0 club.
* * * LOW HITPOINT WARNING * * *
The endoplasm hits you but does no damage.
The frilled lizard hisses.
The kobold hits you with a +0 club.
You die...

#################
................#####
....................########
#.......#######.#....†.....#
........'.....#.#.#..#####.#
........####'##........# #.#
.#########.$.........#.# #.#
#...@J.#...##.# #.#
#....K........# #.#
#...r.#.####### #.#
#.l#.##.# #.# #....##.. #.#
#..##> # #.## ##.# .. #..#
#. ## ##..## ###....#


You could see an endoplasm, a kobold, a frilled lizard and a rat.

Vanquished Creatures
  A dart slug (D:1)
  An endoplasm (D:1)
  A goblin (D:1)
  A hobgoblin (D:1)
  A kobold (D:1)
  A frilled lizard (D:1)
6 creatures vanquished.

Notes
Turn   | Place    | Note
-------+----------+-------------------------------------------
     0 | D:1      | Heoruswealwe the Human Transmuter began the quest for the
                  | Orb.
     0 | D:1      | Reached XP level 1. HP: 15/15 MP: 3/3
   209 | D:1      | Reached XP level 2. HP: 2/21 MP: 3/5
   209 | D:1      | HP: 1/21 [kobold/+0 club (1)]
   209 | D:1      | Slain by a kobold

Illustrated notes

Levels and vault maps discovered:
D:1:      co_arrival_random_square_maze, layout_basic, st_stairs_7,
          serial_park_tiny_1, lexackson_kobold_supper

Action                   || total
-------------------------++-------
Melee: Hand axe          ||    22
       Kick              ||     1
       Headbutt          ||     1
 Cast: Beastly Appendage ||     2
Armor: Ring mail         ||    10
Dodge: Dodged            ||    13
